 Dungeon Crawl Stone Soup version 0.31-a0-188-g5e087ee2ca (webtiles) character file.

Game seed: 10499073017240787225

52 qw the Shooter (level 3, -2/20 HPs)
             Began as a Deep Elf Hunter on June 23, 2023.
             Killed by divine providence
             ... invoked by an orc priest
              (10 damage)
             ... on level 4 of the Dungeon.
             The game lasted 00:00:16 (860 turns).

qw the Shooter (Deep Elf Hunter)                     Turns: 860, Time: 00:00:17

Health: -2/20      AC:  5    Str: 10    XL:     3   Next: 60%
Magic:  5/5        EV: 11    Int: 13    God:
Gold:   66         SH:  0    Dex: 18    Spells: 2/2 levels left

rFire   . . .        Y - +0 shortbow
rCold   . . .        (shield currently unavailable)
rNeg    . . .        f - +0 ring mail
rPois   .            (no helmet)
rElec   .            (no cloak)
rCorr   .            (no gloves)
SInv    .            (no boots)
Will    .....        (no amulet) Stlth
                     (no ring)
HPRegen 0.23/turn    (no ring)
MPRegen 0.09/turn

%: no passive effects
@: confused
A: no striking features
a: no special abilities


You were on level 4 of the Dungeon.
You visited 1 branch of the dungeon, and saw 3 of its levels.

You collected 105 gold pieces.
You spent 39 gold pieces at shops.


   Skills:
 - Level 1.5 Fighting
 + Level 7.1 Ranged Weapons
 - Level 2.4 Dodging
 - Level 1.2 Stealth


You had 2 spell levels left.
You didn't know any spells.
Your spell library was empty.

Inventory:

Hand Weapons
 Y - a +0 shortbow (weapon)
Armour
 f - a +0 ring mail (worn)
Scrolls
 a - a scroll of teleportation
Potions
 b - a potion of mutation {unknown}
 d - a potion of degeneration {unknown}
 h - a potion of curing {unknown}

Dungeon Overview and Level Annotations

Branches:
Dungeon (2/15)

Altars:

Shops:
D:2 *


Message History

You shoot an arrow. The arrow hits the orc wizard!
The orc wizard is heavily wounded.
You shoot an arrow. The arrow hits the orc.
The orc is almost dead.
An orc comes into view. It is wielding a +0 falchion.
You shoot an arrow. The arrow hits the orc.
You kill the orc!
You shoot an arrow. The arrow closely misses the iguana.
An orc priest comes into view. It is wielding a +0 hand axe.
You shoot an arrow. The arrow hits the iguana.
The iguana is moderately wounded.
The iguana barely misses you.
The orc wizard mumbles some strange words.
The orc wizard flickers and vanishes!
Deactivating autopickup; reactivate with Ctrl-A.
You shoot an arrow. The arrow hits the iguana.
The iguana is heavily wounded.
The iguana bites you.
You shoot an arrow. The arrow hits the iguana.
The iguana is almost dead.
A kobold comes into view. It is wielding a +0 dagger.
The iguana bites you. x2
You shoot an arrow. The arrow barely misses the iguana.
The iguana barely misses you.
You shoot an arrow. The arrow hits the iguana!
You kill the iguana!
The kobold throws a stone.
The stone barely misses you.
You hear some strange, mumbled words.
You are confused.
Your Ranged Weapons skill increases to level 7!
You have reached level 3!
Your experience leads to an increase in your attributes!
Increase (S)trength, (I)ntelligence, or (D)exterity?
You feel stronger. x2
A magic dart appears from out of thin air!
The magic dart hits you.
The orc priest invokes the aid of Beogh against you.
Beogh smites you!
Ouch! That really hurt!
You die...

#...#
#...#
#...#
#...#
#...#
#...#
###.# #.#
#@#
#..o.....
####o....
.... ..#
.# .


You could see an orc priest and an orc.

Vanquished Creatures
  An iguana (D:4)
  An orc (D:4)
  6 ball pythons
  3 endoplasms (D:1)
  A giant cockroach (D:1)
  A hobgoblin (D:2)
  6 jackals (D:1)
  A kobold (D:1)
  A goblin (D:2)
  A rat (D:1)
22 creatures vanquished.

Notes
Turn   | Place    | Note
-------+----------+-------------------------------------------
     0 | D:1      | qw the Deep Elf Hunter began the quest for the Orb.
     0 | D:1      | Reached XP level 1. HP: 12/12 MP: 3/3
     0 | D:1      | 0 ||| qw: Version: 0.3-a-9-g12657ce
     0 | D:1      | 0 ||| qw: Game counter: 4312
     0 | D:1      | 0 ||| qw: Always use a shield: true
     0 | D:1      | 0 ||| qw: God list: Okawaru
     0 | D:1      | 0 ||| qw: Allow faded altars: false
     0 | D:1      | 0 ||| qw: Do Orc after D:15 true
     0 | D:1      | 0 ||| qw: Do second Lair branch before Depths: true
     0 | D:1      | 0 ||| qw: Lair rune preference: random
     0 | D:1      | 0 ||| qw: Plans: Normal
     0 | D:1      | 0 ||| PLANNING D:1-11
    59 | D:1      | Reached XP level 2. HP: 13/16 MP: 4/4
    98 | D:1      | Reached skill level 6 in Ranged Weapons
   698 | D:1      | 698 ||| UPGRADING to +0 ring mail.
   708 | D:1      | 708 ||| DROPPING +0 leather armour.
   709 | D:1      | 709 ||| DROPPING +6 ring of intelligence.
   710 | D:1      | 710 ||| READING scroll labelled YMNAQI JOMA.
   711 | D:1      | 711 ||| READING scroll labelled SIOXTA BOUNIALAD.
   714 | D:1      | 714 ||| DROPPING scroll of butterflies.
   730 | D:2      | Found Unge's General Store.
   735 | D:2      | 735 ||| SHOPLISTING scroll of enchant weapon (97 gold, have
                  | 59).
   735 | D:2      | 735 ||| BUYING scroll of teleportation (39 gold).
   735 | D:2      | Bought a scroll of teleportation for 39 gold pieces
   834 | D:2      | You fall into a shaft and drop 2 floors!
   858 | D:4      | Reached skill level 7 in Ranged Weapons
   858 | D:4      | Reached XP level 3. HP: 10/20 MP: 5/5
   860 | D:4      | Killed from afar by an orc priest

Levels and vault maps discovered:
D:1:      lightli_arrival_isolated_outpost, layout_loops_ring, serial_forest,
          infiniplex_forest_lined_1, infiniplex_forest_lined_2,
          infiniplex_forest_clump_curved, infiniplex_forest_lined_corner,
          infiniplex_forest_end_2, infiniplex_forest_clump_tiny,
          infiniplex_forest_clump_cross
D:2:      layout_basic, serial_shops, nicolae_square_shop,
          minmay_randomly_rotated_circles
D:4:      layout_basic, zin_angel, grunt_ministairs_13

Skill      XL: |  1  2 |
---------------+-------+-----
Ranged Weapons | 7 |  7.1
Fighting       | |  1.5
Dodging        | |  2.4
Stealth        | |  1.2

Action                     || total
---------------------------++-------
   Fire: Shortbow          ||    58
    Use: Scroll            ||     2
 Armour: Leather armour    ||     4
         Ring mail         ||     1
  Dodge: Dodged            ||    19

Table legend:
 A = Non-vault XP
 B = Vault XP
 C = Vault XP percentage of total XP
 D = Non-vault monster count
 E = Vault monster count
 F = Vault count percentage of total count
                 A         B        C        D         E       F
            +---------+---------+-------+---------+---------+-------
      Total |      72 |       3 |   4.0 |      21 |       1 |   4.5
            +---------+---------+-------+---------+---------+-------
        D:1 |      32 |       0 |   0.0 |      17 |       0 |   0.0
        D:2 |       5 |       0 |   0.0 |       3 |       0 |   0.0
        D:4 |      35 |       3 |   7.9 |       1 |       1 |  50.0
            +---------+---------+-------+---------+---------+-------
